 Dungeon Crawl Stone Soup version 0.20.1-1-g8b1a95d (webtiles) character file.

247 polve the Slasher (level 5, 0/41 HPs)
             Began as a Demonspawn Abyssal Knight on July 13, 2017.
             Was a Believer of Lugonu.
             Killed by divine providence
             ... invoked by an orc priest
              (10 damage)
             ... on level 3 of the Dungeon.
             The game lasted 00:04:20 (2332 turns).

polve the Slasher (Demonspawn Abyssal Knight)       Turns: 2332, Time: 00:04:21

Health: 0/41       AC:  6    Str: 12    XL:     5   Next: 85%
Magic:  6/6        EV:  6    Int: 14    God:    Lugonu [**....]
Gold:   177        SH:  8    Dex: 15    Spells: 4/4 levels left

rFire    + . .     SeeInvis .   a - +1 falchion
rCold    . . .     Gourm    .   m - +0 shield
rNeg     . . .     Faith    .   t - +0 scale mail
rPois    .         Spirit   .   (helmet restricted)
rElec    .         Reflect  .   (no cloak)
rCorr    .         Harm     .   (no gloves)
MR       .....                  (no boots)
Stlth    +.........             k - amulet of regeneration
Regen    0.6/turn               (no ring)
MPRegen  0.1/turn               (no ring)

@: no status effects
A: antennae 1, thin skeletal structure 1, fire resistance 1, flame cloud
immunity
a: Depart the Abyss, Bend Space, Renounce Religion


You were on level 3 of the Dungeon.
You worshipped Lugonu.
Lugonu was pleased with you.
You were not hungry.

You visited 1 branch of the dungeon, and saw 3 of its levels.
You visited the Abyss 1 time.

You collected 177 gold pieces.

Inventory:

Hand Weapons
 a - a +1 falchion (weapon)
Armour
 m - a +0 shield (worn)
 t - a +0 scale mail (worn)
Jewellery
 k - an amulet of regeneration (around neck)
 q - an uncursed amulet of the gourmand {unknown}
Wands
 e - a wand of flame (21/48)
Scrolls
 b - 3 scrolls of recharging {unknown}
 f - 2 scrolls of enchant armour {unknown}
 g - 3 scrolls of noise {unknown}
 h - 4 scrolls of teleportation {unknown}
 n - 3 scrolls of remove curse {unknown}
 r - a scroll of magic mapping {unknown}
 s - a scroll of identify {unknown}
Potions
 i - 2 potions of haste {unknown}
 j - a potion of heal wounds
 l - a potion of mutation {unknown}
Comestibles
 c - 3 bread rations
 d - 4 meat rations
 p - 11 chunks of flesh


   Skills:
 - Level 3.0 Fighting
 + Level 4.7 Long Blades
 - Level 1.7 Armour
 - Level 0.8 Dodging
 + Level 2.8 Shields
 - Level 2.4 Invocations


You had 4 spell levels left.
You didn't know any spells.

Dungeon Overview and Level Annotations

Branches:
Dungeon (3/15)

Altars:
Fedhas
Okawaru
The Shining One


Innate Abilities, Weirdness & Mutations

You have a pair of small antennae on your head.
You have a somewhat thin skeletal structure. (Dex +2, Stealth)
Your flesh is heat resistant. (rF+)
You are immune to clouds of flame.


Message History

A quokka comes into view.
You hit the orc.
The orc is severely wounded.
You block the orc's attack. x2; The orc barely misses you.
You riposte.
You closely miss the orc.
The orc is severely wounded.
The orc hits you but does no damage.
A kobold, an orc and an orc priest come into view.
The kobold shouts!
The orc priest shouts!
You hit the orc but do no damage.
The orc is severely wounded.
The orc moves out of view.
The orc hits you.
The orc priest invokes the aid of Beogh against you.
Beogh smites you!
* * * LOW HITPOINT WARNING * * *
The orc hits you from afar with a trident.
* * * LOW HITPOINT WARNING * * *
The orc priest mumbles some strange prayers to Beogh against you.
Beogh smites you!
You die...

...........)........# #..+#
#####...##........#.####.##
###.###########o#...♣# #.#
#####....### #.#
#.....o....♣ #.#
#.###....##.# #.#
##.####{#.# .+ #.#
###...###o#.# .# ## #.#
#...#.@o)r..# .♣ .. #.#
#.#...###Ko.# # # #[##.##
#{..# ##)##.# #...#
#########...#.# #...#
#...........#.####...#
#.#######...#.<......o #.#
##########.#### #.#


You could see an orc priest, 2 orcs, a quokka and a kobold.

Vanquished Creatures
  2 jellies (D:2)
  An orc wizard (D:3)
  Robin (D:2)
  A gnoll (D:2)
  An adder (D:2)
  8 oozes
  2 worms
  2 dart slugs
  A leopard gecko (D:1)
  4 orcs (D:3)
  A ball python (D:3)
  2 giant cockroaches
  14 hobgoblins
  11 kobolds
  9 bats
  3 frilled lizards
  13 goblins
  3 rats
79 creatures vanquished.

Vanquished Creatures (others)
  6 fungi (D:2)
  8 toadstools (D:2)
14 creatures vanquished.

Grand Total: 93 creatures vanquished

Notes
Turn   | Place    | Note
-------+----------+-------------------------------------------
     0 | Abyss:1  | polve the Demonspawn Abyssal Knight began the quest for the Orb.
     0 | Abyss:1  | Reached XP level 1. HP: 18/18 MP: 2/2
    92 | Abyss:1  | Noticed an eidolon
   143 | Abyss:2  | Noticed a chaos spawn
   143 | Abyss:2  | Noticed an ancient zyme
   146 | Abyss:2  | Noticed a large abomination
   148 | D:1      | Escaped the Abyss
   226 | D:1      | Reached skill level 2 in Long Blades
   292 | D:1      | Gained mutation: Your flesh is heat resistant. (rF+) [demonic ancestry]
   292 | D:1      | Reached XP level 2. HP: 20/24 MP: 3/3
   587 | D:1      | Reached skill level 3 in Long Blades
   589 | D:1      | Reached * piety under Lugonu
  1035 | D:1      | Gained mutation: You are immune to clouds of flame. [demonic ancestry]
  1035 | D:1      | Reached XP level 3. HP: 29/29 MP: 4/4
  1127 | D:2      | Noticed Robin
  1163 | D:2      | Killed Robin
  1261 | D:2      | Reached skill level 1 in Shields
  1265 | D:2      | Found a blossoming altar of Fedhas.
  1291 | D:2      | Found a glowing golden altar of the Shining One.
  1337 | D:2      | Gained mutation: You have a somewhat thin skeletal structure. (Dex +2, Stealth) [demonic ancestry]
  1337 | D:2      | Reached XP level 4. HP: 30/35 MP: 5/5
  1493 | D:2      | Reached skill level 4 in Long Blades
  1679 | D:2      | Gained mutation: You have a pair of small antennae on your head. [demonic ancestry]
  1679 | D:2      | Reached XP level 5. HP: 25/41 MP: 6/6
  1685 | D:2      | Found an iron altar of Okawaru.
  1735 | D:2      | Reached ** piety under Lugonu
  2332 | D:3      | Killed from afar by an orc priest

Skill      XL: |  1  2  3  4 |
---------------+-------------+-----
Long Blades    | 2 3 4 |  4.7
Shields        | 1 2 |  2.8
Fighting       | |  3.0
Armour         | |  1.7
Dodging        | |  0.8
Invocations    | |  2.4

Action                   |  1- 3 |  4- 6 || total
-------------------------+-------+-------++-------
Melee: Falchion          |   100 |   158 ||   258
Invok: Depart the Abyss  |     1 |       ||     1
  Use: Potion            |     1 |       ||     1
 Stab: Sleeping          |       |     1 ||     1
  Eat: Chunk             |     1 |     4 ||     5
Armor: Leather armour    |    41 |    32 ||    73
       Scale mail        |       |    17 ||    17
Dodge: Dodged            |    65 |    50 ||   115
Block: Shield            |    23 |    68 ||    91
       Rpst.: Falchion   |    20 |    10 ||    30
